Map: Submarine LE

Players

LiquidClem (Clem) - Winner!

  • Race: Terran Terran
  • Spawn Location: 5:00

Dream

  • Race: Terran Terran
  • Spawn Location: 11:00

Event: Cheeseadelphia Winter Championship 2021

VOD

Have the link to the VOD?

Description

Time

  • Played on: Jan. 23, 2021, 5:26 p.m.
  • Length: 7:12

All games in this series

Show
View Real Time Build Order
Export as new Build Order

LiquidClem Terran - Winner!

Build Orders:  

Get SALT Encoding   

  12  0:00  SCV  
  13  0:12  SCV  
  14  0:16  Supply Depot  
  14  0:24  SCV  
  15  0:38  SCV  
  15  0:39  Barracks  
  16  0:44  Refinery  
  16  0:50  SCV  
  16  0:54  Refinery  
  17  1:02  SCV  
  18  1:14  SCV  
  19  1:26  Reaper  
  19  1:27  Supply Depot, Orbital Command  
  20  1:41  Factory  
  20  1:53  SCV  
  21  1:59  Reaper  
  22  2:05  SCV  
  23  2:16  Command Center  
  23  2:18  SCV  
  24  2:25  Hellion  
  26  2:30  SCV  
  26  2:33  Reaper  
  27  2:37  Supply Depot  
  27  2:42  SCV  
  28  2:46  Hellion  
  30  2:55  Starport, SCV  
  30  3:07  SCV  
  30  3:11  Factory Tech Lab  
  31  3:18  Barracks Reactor  
  31  3:19  SCV  
  32  3:28  Refinery  
  32  3:30  Cyclone  
  32  3:31  SCV  
  36  3:41  Starport Tech Lab  
  36  3:43  SCV  
  38  3:51  Orbital Command, Command Center  
  38  3:55  SCV  
  37  4:00  Marine x2  
  39  4:04  Raven  
  39  4:07  SCV  
  42  4:17  Supply Depot, SCV  
  42  4:21  Siege Tank  
  46  4:24  SCV  
  46  4:26  Marine  
  46  4:27  Marine  
  46  4:30  SCV  
  50  4:36  SCV  
  51  4:42  SCV  
  51  4:43  Marine  
  51  4:45  Supply Depot, Marine  
  53  4:46  Raven  
  53  4:49  SCV  
  57  4:55  SCV  
  57  4:59  Siege Tank  
  61  5:01  Supply Depot, SCV  
  61  5:02  Marine  
  61  5:03  Marine  
  64  5:07  Orbital Command  
  64  5:10  SCV  
  65  5:16  SCV  
  66  5:21  Supply Depot  
  66  5:23  Refinery, SCV  
  66  5:28  SCV  
  68  5:30  Orbital Command  
  68  5:31  Siege Tank  
  68  5:35  SCV  
  71  5:40  SCV, Marine  
  73  5:44  Viking x2  
  73  5:47  SCV  
  78  5:52  SCV  
  78  5:56  Barracks  
  79  5:57  Barracks  
  79  5:59  SCV  
  79  6:01  Marine  
  79  6:03  Siege Tank  
  81  6:14  SCV  
  81  6:17  Viking x2  
  86  6:19  Marine  
  85  6:33  Supply Depot  
  85  6:34  Supply Depot  
  85  6:35  Siege Tank  
  85  6:37  Marine  
  89  6:43  SCV x3  
  68  6:58  SCV  
  68  6:59  Barracks Reactor x2  
Show
View Real Time Build Order
Export as new Build Order

Dream Terran 

Build Orders:  

Get SALT Encoding   

  12  0:00  SCV  
  13  0:13  SCV  
  14  0:17  Supply Depot  
  14  0:25  SCV  
  15  0:38  SCV  
  15  0:40  Barracks  
  16  0:43  Refinery  
  16  0:50  SCV  
  16  0:53  Refinery  
  17  1:03  SCV  
  18  1:15  SCV  
  19  1:27  Orbital Command, Reaper  
  19  1:28  Supply Depot  
  20  1:40  Factory  
  20  1:52  SCV  
  21  1:59  Reaper  
  22  2:04  SCV  
  23  2:16  Command Center  
  23  2:20  SCV  
  24  2:31  Hellion  
  24  2:32  SCV  
  27  2:38  Barracks Reactor  
  27  2:41  Starport  
  27  2:47  Supply Depot, SCV  
  27  2:55  Factory Tech Lab  
  27  3:00  SCV  
  25  3:14  Marine  
  25  3:15  Cyclone, Marine  
  30  3:20  Viking  
  30  3:21  SCV  
  32  3:32  Marine x2  
  32  3:33  SCV  
  31  3:46  SCV  
  31  3:47  Siege Tank  
  32  3:50  Marine x2  
  34  3:56  Viking  
  34  3:58  SCV  
  37  4:04  Orbital Command  
  37  4:10  SCV, Marine  
  37  4:11  Marine  
  40  4:17  Refinery  
  40  4:22  SCV  
  41  4:25  Siege Tank  
  41  4:29  SCV  
  45  4:34  SCV  
  46  4:38  Viking  
  46  4:44  Viking  
  50  4:46  Marine  
  50  4:50  Supply Depot  
  51  4:58  Siege Tank  
  54  5:12  SCV x2, Marine  
  57  5:14  Supply Depot  
  56  5:22  Liberator  
  56  5:24  SCV x2  
  56  5:25  Supply Depot  
  60  5:31  Marine  
  61  5:36  SCV x2, Viking  
  61  5:41  Supply Depot  
  65  5:46  Siege Tank  
  68  5:51  Marine  
  68  5:56  SCV x2  
  69  6:08  SCV x2  
  69  6:09  Marine  
  69  6:19  Siege Tank  
  69  6:22  SCV  
  69  6:23  SCV, Viking  
  78  6:26  Marine  
  80  6:35  SCV x2  
  80  6:38  Supply Depot  
  82  6:44  Marine  
  83  6:47  SCV  
  83  6:53  SCV  
  56  6:59  SCV  
Tags
 
Add a new tag
Caveats
  • Supply blocks, unpowered buildings, or Contaminate may cause inaccurate times.
  • Supply counts are checked every 10 seconds.